 Dungeon Crawl Stone Soup version 0.30-a0-1008-g30c9307041 (webtiles) character file.

Game seed: 9955196396499986624

1643 benadryl the Destroyer (level 8, -20/57 HPs)
             Began as a Yellow Draconian Conjurer on Apr 5, 2023.
             Killed from afar by Maggie (34 damage)
             ... with a bolt of fire
             ... on level 6 of the Dungeon.
             The game lasted 00:15:16 (7052 turns).

benadryl the Destroyer (Yellow Draconian Conjurer)  Turns: 7052, Time: 00:15:16

Health: -20/57     AC:  6    Str:  9    XL:     8   Next: 67%
Magic:  2/17       EV: 12    Int: 20    God:
Gold:   314        SH:  0    Dex: 11    Spells: 12/19 levels left

rFire   . . .      SeeInvis .    p - +0 dagger (venom)
rCold   . . .      Faith    .    (no shield)
rNeg    . . .      Spirit   .    (body armour unavailable)
rPois   +          Reflect  .    (helmet restricted)
rElec   .          Rampage  .    (no cloak)
rCorr   +                        (no gloves)
Will    +....                    (no boots)
Stlth   ++                       (no amulet)
HPRegen 0.29/turn                v - ring of poison resistance
MPRegen 0.15/turn                m - ring of willpower

@: very slightly contaminated
A: spit acid, AC +6, unfitting armour, cold-blooded, acid resistance
a: Breathe Acid


You were on level 6 of the Dungeon.
You visited 1 branch of the dungeon, and saw 6 of its levels.
You also visited: Sewer.

You collected 314 gold pieces.

Inventory:

Hand Weapons
 c - a +0 short sword
 p - a +0 dagger of venom (weapon)
Missiles
 E - 2 throwing nets
Jewellery
 h - a ring of flight
 m - a ring of willpower (right hand)
 v - a ring of poison resistance (left hand)
 w - a ring of fire
 D - a +6 ring of dexterity
Wands
 u - a wand of iceblast (11)
 y - a wand of flame (31)
 C - a wand of acid (1)
Scrolls
 d - a scroll of magic mapping
 e - 2 scrolls of teleportation
 g - 2 scrolls of silence
 j - a scroll of torment {unknown}
 n - 4 scrolls of immolation
 q - a scroll of butterflies {unknown}
 r - a scroll of brand weapon {unknown}
 s - 2 scrolls of fear
 t - 4 scrolls of amnesia {unknown}
Potions
 b - a potion of cancellation
 f - 2 potions of attraction {unknown}
 i - 3 potions of lignification
 k - 4 potions of curing {@q1}
 l - a potion of heal wounds
 o - a potion of mutation {unknown}
 x - a potion of flight {unknown}
 z - a potion of might {unknown}
 A - 3 potions of resistance {unknown}
 B - a potion of ambrosia {unknown}


   Skills:
 - Level 1.7 Dodging
 - Level 1.7 Stealth
 * Level 6.3 Spellcasting
 - Level 8.2 Conjurations
 - Level 5.0 Translocations


You had 12 spell levels left.
You knew the following spells:

 Your Spells              Type           Power      Damage    Failure   Level
a - Magic Dart            Conj           100%       1d8       1%          1
b - Searing Ray           Conj           78%        2d7       1%          2
c - Iskenderun's Mystic   Conj/Tloc      32%        2d8       7%          4

Your spell library contained the following spells:

 Spells                   Type           Power      Damage    Failure   Level
 Static Discharge         Conj/Air       44%        2-4/arc   2%          2
 Dazzling Flash           Conj/Hex       44%        N/A       5%          3
 Ensorcelled Hibernation  Hex/Ice        12%        N/A       16%         2
 Passwall                 Tmut/Erth      5%         N/A       16%         2
 Fulminant Prism          Conj/Hex       11%        3d9       19%         4
 Swiftness                Air            6%         N/A       30%         3
 Airstrike                Air            3%         2d(1-17)  69%         4
 Summon Lightning Spire   Summ/Air       6%         N/A       69%         4


Dungeon Overview and Level Annotations

Branches:
Dungeon (6/15)              Sewer (visited)
 Temple: D:4-7

Altars:
Fedhas
Qazlal

Shops:
D:3 :

Annotations:
D:5 1 runed translucent door, Persephone's ghost, novice GrFi
D:6 Maggie


Innate Abilities, Weirdness & Mutations

You can spit globs of acid.
Your golden yellow scales are hard. (AC +6)
You cannot fit into any form of body armour.
You are cold-blooded and may be slowed by cold attacks.
You are resistant to acid. (rCorr)


Message History

Maggie is severely wounded.
You break out of your daze.
Maggie hits you with a +0 war axe!
* * * LOW HITPOINT WARNING * * *
You feel much better.
Maggie mumbles the words to a spell, but in the wrong order.
Maggie closely misses you.
Casting: Iskenderun's Mystic Blast (dangerous; 7% risk of failure)
Confirm with . or Enter, or press ? or * to list all spells.
You erupt in a blast of force!
The mystic blast hits Maggie.
Maggie is severely wounded.
Maggie is knocked back by the mystic blast.
Maggie slams into the rock wall!
Maggie is almost dead.
Casting: Iskenderun's Mystic Blast (dangerous; 7% risk of failure)
Confirm with . or Enter, or press ? or * to list all spells.
You miscast Iskenderun's Mystic Blast.
Space twists in upon itself.
You are magically locked in place.
Maggie casts a spell at you. The bolt of fire hits you!
You hit Maggie but do no damage.
Maggie is almost dead.
Maggie hits you with a +0 war axe!
* * * LOW HITPOINT WARNING * * *
Casting: Iskenderun's Mystic Blast (dangerous; 7% risk of failure)
Confirm with . or Enter, or press ? or * to list all spells.
You erupt in a blast of force!
The mystic blast hits Maggie.
Maggie is almost dead.
Maggie is knocked back by the mystic blast.
Maggie slams into the rock wall!
Maggie is almost dead.
You are no longer locked in place.
Unknown command.
Okay, then.
You barely miss Maggie. You tail-slap Maggie, but do no damage.
Maggie is almost dead.
Maggie gestures at you while chanting. The bolt of fire hits you!!
Ouch! That really hurt!
You die...

.. .# ##.# .
##..###.# ##.......#
##........# #.@...#
#.#
#.[#.#@..##..###.#
................. #.#
......##..##..##..#.#
...#.# ##....## #.#>#
.#... ##..## ##.#.#
### #..# ##..#.#
...###..###.....#
#........).#...####
#......)...#.......


You could see Maggie (poisoned).

Vanquished Creatures
  Grinder (D:6)
  2 ice beasts (D:5)
  Pargi (Sewer)
  A black bear (D:6)
  2 phantoms
  A bullfrog (D:6)
  Blork the orc (D:5)
  2 howler monkeys
  9 hounds
  2 jellies (D:5)
  2 gnoll boudas
  2 iguanas
  Jessica (D:2)
  Ijyb (D:5)
  2 orc wizards (D:3)
  6 gnolls
  6 adders
  A worm (D:4)
  A dart slug (D:1)
  7 orcs
  4 endoplasms
  5 giant cockroaches (D:3)
  11 goblins
  7 hobgoblins
  4 jackals (D:1)
  4 quokkas
  4 ball pythons
  3 bats
  2 frilled lizards
  12 kobolds
  6 rats
113 creatures vanquished.

Notes
Turn   | Place    | Note
-------+----------+-------------------------------------------
     0 | D:1      | benadryl the Draconian Conjurer began the quest for the
                  | Orb.
     0 | D:1      | Reached XP level 1. HP: 14/14 MP: 3/3
   228 | D:1      | Found a faded altar of an unknown god.
   268 | D:1      | Reached XP level 2. HP: 20/20 MP: 0/5
   537 | D:1      | Learned a level 2 spell: Searing Ray
  1490 | D:2      | Reached XP level 3. HP: 26/26 MP: 5/7
  1843 | D:2      | Noticed Jessica
  1849 | D:2      | Killed Jessica
  1850 | D:2      | Reached XP level 4. HP: 24/33 MP: 5/10
  2147 | D:2      | Found a stormy altar of Qazlal.
  2555 | D:3      | Found a glowing drain.
  2660 | Sewer    | Entered a sewer
  2715 | Sewer    | Noticed Pargi
  2725 | Sewer    | Killed Pargi
  2726 | Sewer    | Reached skill level 5 in Conjurations
  2726 | Sewer    | Reached XP level 5. HP: 14/38 MP: 2/11
  2910 | D:3      | Found Tecue's Book Shoppe.
  3351 | D:3      | Reached skill level 6 in Conjurations
  3581 | D:3      | Found a blossoming altar of Fedhas.
  3593 | D:3      | Reached XP level 6. HP: 40/45 MP: 12/12
  4172 | D:4      | Reached skill level 7 in Conjurations
  4572 | D:4      | Your scales start taking on a golden yellow colour.
  4572 | D:4      | Reached XP level 7. HP: 33/50 MP: 6/13
  4572 | D:4      | Gained mutation: You are resistant to acid. (rCorr) [Yellow
                  | Draconian growth]
  4896 | D:5      | Entered Level 5 of the Dungeon
  4921 | D:5      | Reached skill level 8 in Conjurations
  5039 | D:5      | Learned a level 4 spell: Iskenderun's Mystic Blast
  5237 | D:5      | Reached skill level 1 in Translocations
  5433 | D:5      | Noticed Blork the orc
  5441 | D:5      | Killed Blork the orc
  5675 | D:5      | Found a runed translucent door.
  5684 | D:5      | Noticed Persephone's ghost (novice GrFi)
  5816 | D:5      | Noticed Ijyb
  5863 | D:5      | Killed Ijyb
  6025 | D:5      | Reached XP level 8. HP: 55/57 MP: 1/14
  6238 | D:5      | Reached skill level 5 in Translocations
  6775 | D:6      | Reached skill level 5 in Spellcasting
  6877 | D:6      | Noticed Grinder
  6895 | D:6      | Killed Grinder
  7032 | D:6      | Noticed Maggie
  7052 | D:6      | Killed from afar by Maggie

Illustrated notes

Levels and vault maps discovered:
D:1:      heliophobic_arrival_dark_side_of_the_moon, layout_basic,
          shapermc_ecumenical_altar_totnotflames, minmay_misc_feat_nine_boxes
D:2:      layout_loops_ring, basic_altar, uniq_jessica
D:3:      layout_basic, fedhas_altar_fruit_tree, serial_shops,
          nicolae_shop_advertising_works [nicolae_subvault_shop_adworks],
          portal_sewer_entry_f, interstate_on_off, chequers_garden
D:4:      layout_cave_pods
D:5:      layout_cave_pods, ebering_ghost_sewer_d, uniq_ijyb, uniq_blork_the_orc
D:6:      layout_loops_corners, mainiacjoe_overflow_six_doors_small,
          nicolae_zen_rock_garden, kennysheep_cross_room,
          palyth_stone_intersect, uniq_maggie, uniq_grinder, uniq_duvessa

Skill      XL: |  1  2  3  4  5  6  7  8 |
---------------+-------------------------+-----
Spellcasting   | 3 4 6 |  6.3
Conjurations   | 5 6 7 8 |  8.2
Translocations | 4 5 |  5.0
Dodging        | |  1.7
Stealth        | |  1.7

Action                     |  1- 3 |  4- 6 |  7- 9 || total
---------------------------+-------+-------+-------++-------
  Melee: Short sword       |     8 |    14 |       ||    22
         Tailslap          |       |    14 |    22 ||    36
         Dagger            |       |    86 |   116 ||   202
         Punch             |       |       |     3 ||     3
   Cast: Magic Dart        |    57 |   105 |    41 ||   203
         Searing Ray       |     2 |     6 |     1 ||     9
         Iskenderun's Myst |       |       |    31 ||    31
Ability: Breathe Acid      |       |       |     4 ||     4
    Use: Scroll            |       |     6 |     3 ||     9
         Potion            |       |       |     3 ||     3
   Stab: Sleeping          |       |       |     1 ||     1
 Armour: Skin              |     7 |    51 |    43 ||   101
  Dodge: Dodged            |    12 |    65 |    70 ||   147

Table legend: (Time is in decaauts)
 A = Elapsed time spent in this place.
 B = Non-inter-level travel time spent in this place.
 C = Inter-level travel time spent in this place.
 D = Time resting spent in this place.
 E = Time spent auto-exploring this place.
 F = Levels seen in this place.
 G = Mean time per level.
                   A        B        C        D        E       F      G
               +--------+--------+--------+--------+--------+-----+--------+
         Total |   7049 |   6849 |    200 |   1687 |   4106 |   7 | 1007.0 |
       Dungeon |   6818 |   6618 |    200 |   1600 |   4106 |   6 | 1136.3 |
         Sewer |    231 |    231 |      0 |     87 |      0 |   1 |  231.0 |
               +--------+--------+--------+--------+--------+-----+--------+

Top non-repeatable levels by time:
     D:5: 1583 daAuts
     D:1: 1485 daAuts
     D:4: 1218 daAuts
     D:3: 1032 daAuts
     D:2: 924 daAuts
     D:6: 573 daAuts
   Sewer: 231 daAuts
